 Dungeon Crawl Stone Soup version 0.28-a0-474-g535839065c (webtiles) character file.

Game seed: 13089415927320558447

116 Squid the Cudgeller (level 4, 0/61 HPs)
             Began as a Minotaur Berserker on Sept 15, 2021.
             Was a Believer of Trog.
             Slain by a wyvern skeleton (2 damage)
             ... on level 3 of the Dungeon.
             The game lasted 00:05:53 (3957 turns).

Squid the Cudgeller (Minotaur Berserker)            Turns: 3957, Time: 00:05:54

Health: 0/61       AC:  5    Str: 22      XL:     4   Next: 69%
Magic:  3/3        EV: 11    Int:  2 (4)  God:    Trog [**....]
Gold:   113        SH:  0    Dex: 10      Spells: 3/3 levels left

rFire   . . .      SeeInvis .   a - +0 mace
rCold   . . .      Faith    .   (no shield)
rNeg    . . .      Spirit   .   g - +0 ring mail
rPois   .          Reflect  .   (helmet restricted)
rElec   .          Harm     .   (no cloak)
rCorr   .          Rampage  .   (no gloves)
Will    .....                   (no boots)
Stlth   ..........              (no amulet)
HPRegen 0.20/turn               (no ring)
MPRegen 0.08/turn               (no ring)

@: berserking, very quick
A: horns 2, retaliatory headbutt
a: Renounce Religion, Berserk, Trog's Hand


You were on level 3 of the Dungeon.
You worshipped Trog.
Trog was pleased with you.
You visited 1 branch of the dungeon, and saw 3 of its levels.

You collected 113 gold pieces.

Inventory:

Hand Weapons
 a - a +0 mace (weapon)
Armour
 g - a +0 ring mail (worn)
Wands
 f - a wand of polymorph (6)
Scrolls
 d - a scroll of acquirement {unknown}
 e - a scroll of teleportation
Potions
 b - 2 potions of might
 c - a potion of heal wounds {unknown}
 h - a potion of berserk rage {unknown}


   Skills:
 + Level 4.7 Fighting
 + Level 5.1 Maces & Flails
 + Level 3.5 Armour
 - Level 2.3 Dodging
 - Level 0.1 Stealth


You had 3 spell levels left.
You didn't know any spells.
Your spell library was empty.

Dungeon Overview and Level Annotations

Branches:
Dungeon (3/15)

Altars:
Qazlal
Xom


Innate Abilities, Weirdness & Mutations

You have a pair of horns on your head.
You reflexively headbutt those who attack you in melee.


Message History

An adder is nearby!
You barely miss the adder. The adder bites you.
You are poisoned.
The adder poisons you!
You sock the adder!
The adder is almost dead.
You feel sick. The adder closely misses you. The adder barely misses you.
You hit the adder.
You kill the adder!
Trog accepts your kill.
You feel sick.
You feel your intelligence returning.
You feel sick.
You are no longer poisoned.
You see here an adder corpse.
A wyvern skeleton comes into view.
A wyvern skeleton is nearby!
Found a short sword.
You hit the wyvern skeleton but do no damage.
The wyvern skeleton bites you.
You sock the wyvern skeleton!
The wyvern skeleton is lightly damaged.
The wyvern skeleton barely misses you. The wyvern skeleton bites you!
You hit the wyvern skeleton. You headbutt the wyvern skeleton!
The wyvern skeleton is severely damaged.
The wyvern skeleton bites you!
You hit the wyvern skeleton. You headbutt the wyvern skeleton.
The wyvern skeleton is severely damaged.
The wyvern skeleton bites you!
* * * LOW HITPOINT WARNING * * *
The wyvern skeleton bites you but does no damage.
You sock the wyvern skeleton!
The wyvern skeleton is almost destroyed.
The wyvern skeleton bites you!
* * * LOW HITPOINT WARNING * * *
Okay, then.
A red film seems to cover your vision as you go berserk!
You feel yourself moving faster!
You feel mighty! The wyvern skeleton bites you.
You die...

(.#># # ..#.# # #.# # ..#.#
#.##.## ..#.# .#...# ..#†# # ...)
..#.# #.#... ## ..#.####... ...#
#########. .............###Z###
#.........
#.#.########....@..#####.######..
#.#.# ..............†.........
#.#.# .######..>############.#
#.#.. #...# #.# ..### #...# #.#
.## #...# #.# .# ##...# #.. .#
#....# ### .# ####...## ########


You could see a wyvern skeleton.

Vanquished Creatures
  Ijyb (D:3)
  2 adders
  A worm (D:2)
  3 dart slugs
  An orc (D:3)
  5 bats
  2 endoplasms
  6 giant cockroaches
  8 goblins
  10 hobgoblins
  2 kobolds (D:1)
  3 quokkas
  5 ball pythons
  2 frilled lizards (D:2)
  7 rats
  5 bushes (D:1)
63 creatures vanquished.

Vanquished Creatures (others)
  6 plants (D:1)
6 creatures vanquished.

Grand Total: 69 creatures vanquished

Notes
Turn   | Place    | Note
-------+----------+-------------------------------------------
     0 | D:1      | Squid the Minotaur Berserker began the quest for the Orb.
     0 | D:1      | Reached XP level 1. HP: 19/19 MP: 0/0
   401 | D:1      | Found a faded altar of an unknown god.
   412 | D:1      | Reached XP level 2. HP: 27/27 MP: 1/1
   433 | D:1      | Reached skill level 4 in Maces & Flails
  1019 | D:1      | Reached XP level 3. HP: 33/33 MP: 2/2
  1926 | D:2      | Reached ** piety under Trog
  3498 | D:3      | Reached XP level 4. HP: 39/41 MP: 3/3
  3577 | D:3      | Noticed Ijyb
  3590 | D:3      | Killed Ijyb
  3591 | D:3      | Reached skill level 5 in Maces & Flails
  3690 | D:3      | Found a stormy altar of Qazlal.
  3708 | D:3      | Found a shimmering altar of Xom.
  3956 | D:3      | HP: 1/41 [wyvern skeleton (10)]
  3957 | D:3      | Slain by a wyvern skeleton

Illustrated notes

Levels and vault maps discovered:
D:1:      elethiomel_arrival_infinity_welcomes_careful_drivers, layout_rooms,
          serial_forest, infiniplex_forest_clump_large,
          infiniplex_forest_straight_5, infiniplex_forest_3_way,
          infiniplex_forest_straight_4, infiniplex_forest_clump_C,
          infiniplex_forest_lined_room_2, infiniplex_forest_clump_long,
          infiniplex_forest_clump_double, infiniplex_forest_join,
          basic_ecumenical_altar, chequers_serial_rivers_small_b
D:2:      layout_loops_corners
D:3:      layout_loops_ring, nicolae_qazlal_general_emergency, xom_teletrap_fun,
          uniq_ijyb

Skill      XL: |  1  2  3  4 |
---------------+-------------+-----
Fighting       | 4 |  4.7
Maces & Flails | 4 5 |  5.1
Armour         | 3 |  3.5
Dodging        | |  2.3
Stealth        | |  0.1

Action                   |  1- 3 |  4- 6 || total
-------------------------+-------+-------++-------
Melee: Mace              |   417 |    36 ||   453
       Headbutt          |   157 |     5 ||   162
Invok: Berserk           |       |     1 ||     1
  Use: Scroll            |     2 |       ||     2
       Potion            |     3 |       ||     3
 Stab: Sleeping          |     1 |       ||     1
Armor: Animal skin       |     1 |       ||     1
       Leather armour    |    10 |       ||    10
       Ring mail         |    17 |     6 ||    23
Dodge: Dodged            |    57 |    19 ||    76

Table legend: (Time is in decaauts)
 A = Elapsed time spent in this place.
 B = Non-inter-level travel time spent in this place.
 C = Inter-level travel time spent in this place.
 D = Time resting spent in this place.
 E = Time spent auto-exploring this place.
 F = Levels seen in this place.
 G = Mean time per level.
                   A        B        C        D        E       F      G
               +--------+--------+--------+--------+--------+-----+--------+
         Total |   4039 |   3973 |     66 |    961 |   2057 |   3 | 1346.3 |
       Dungeon |   4039 |   3973 |     66 |    961 |   2057 |   3 | 1346.3 |
               +--------+--------+--------+--------+--------+-----+--------+

Top non-repeatable levels by time:
     D:1: 1783 daAuts
     D:2: 1653 daAuts
     D:3: 601 daAuts
